 Dungeon Sprint DCSS version 0.30-a0-737-gf23d94013f (webtiles) character file.

Game seed: 5061541065647412859

14473 rocky1 the Bludgeoner (level 12, -7/153 HPs)
             Began as an Ogre Gladiator on Feb 3, 2023.
             Was an Initiate of Gozag.
             Mangled by an orc warrior
             ... wielding a +0 war axe
              (25 damage)
             ... in the Dungeon (Sprint IX: "|||||||||||||||||||||||||||||").
             The game lasted 00:11:15 (3411 turns).

rocky1 the Bludgeoner (Ogre Gladiator)              Turns: 3411, Time: 00:11:16

Health: -7/153     AC:  6    Str: 31    XL:     12   Next: 16%
Magic:  12/12      EV: 11    Int: 15    God:    Gozag
Gold:   1108       SH:  0    Dex:  5    Spells: 11/11 levels left

rFire   + . .      SeeInvis .    o - +2 dire flail (protect)
rCold   + . .      Faith    .    (shield currently unavailable)
rNeg    . . .      Spirit   .    l - +2 robe {rF+}
rPois   .          Reflect  .    c - +0 hat
rElec   +          Harm     .    j - +0 cloak
rCorr   .          Rampage  .    (gloves unavailable)
Will    +....      NoTele   +    (boots unavailable)
Stlth   +                        (no amulet)
HPRegen 0.45/turn                p - +3 ring of strength
MPRegen 0.13/turn                y - ring "Vazxiam" {rElec rC+ Str+3 Int+6 Dex-5}

@: no status effects
A: large, unfitting armour, tough skin 1
a: Renounce Religion, Potion Petition, Call Merchant, Bribe Branch


You were in the Dungeon.
You worshipped Gozag.
Gozag was most pleased with you.
You visited 1 branch You collected 5476 gold pieces.
You spent 1350 gold pieces at shops.
You paid 3018 gold pieces to Gozag.

Inventory:

Hand Weapons
 d - a +0 giant club
 k - a +1 morningstar of holy wrath
 o - a +2 dire flail of protection (weapon)
Missiles
 e - a large rock (quivered)
Armour
 b - a +0 robe
 c - a +0 hat (worn)
 j - a +0 cloak (worn)
 l - a +2 robe of fire resistance (worn)
Jewellery
 p - a +3 ring of strength (left hand)
 q - a +3 ring of dexterity
 y - the ring "Vazxiam" (right hand) {rElec rC+ Str+3 Int+6 Dex-5}
   (You bought it in a shop in the Dungeon)

   [ring of intelligence]

   Str:       It affects your strength (+3).
   Int:       It affects your intelligence (+6).
   Dex:       It affects your dexterity (-5).
   rC:        It protects you from cold.
   rElec:     It insulates you from electricity.
Wands
 n - a wand of roots (4)
Scrolls
 m - 2 scrolls of amnesia
 r - 4 scrolls of enchant armour
 s - a scroll of fear
 t - 2 scrolls of enchant weapon
Potions
 a - a potion of lignification {unknown}
 f - 9 potions of curing
 g - 4 potions of heal wounds
 i - 5 potions of magic
 u - a potion of flight
 v - a potion of haste
 x - a potion of might


   Skills:
 + Level 18.9 Fighting
 * Level 19.0 Maces & Flails
 - Level 2.0 Throwing
 + Level 7.1 Armour
 + Level 13.9 Dodging


You had 11 spell levels left.
You didn't know any spells.
Your spell library was empty.

Dungeon Overview and Level Annotations

Branches:
Dungeon (1/1)

Altars:
Cheibriados
Dithmenos
Elyvilon
Fedhas
Gozag
Hepliaklqana
Kikubaaqudgha
Makhleb
Nemelex Xobeh
Okawaru
Qazlal
Ru
Sif Muna
Trog
Uskayaw
Vehumet
Wu Jian
Xom
Yredelemnul
Zin
The Shining One
Jiyva
Lugonu

Shops:
D !==:*[


Innate Abilities, Weirdness & Mutations

You are too large for most types of armour.
You have tough skin. (AC +1)


Message History

The net rips apart, and the orc knight comes free!
You hit the orc knight but do no damage.
The orc knight is severely wounded.
You hit the orc knight but do no damage.
The orc knight is severely wounded.
An orc warrior comes into view. It is wielding a +0 war axe.
The orc warrior hits you with a +0 war axe!
The orc knight barely misses you.
Things that are here:
3 throwing nets; a +0 trident; a +0 plate armour You barely miss the orc knight.
The orc knight is severely wounded.
The orc warrior hits you with a +0 war axe.
The orc knight hits you with a +0 dire flail!
You hit the orc knight.
The orc knight is severely wounded.
You closely miss the orc knight.
The orc knight is severely wounded.
The orc warrior hits you with a +0 war axe!
The orc knight hits you with a +0 dire flail!
You barely miss the orc knight.
The orc knight is severely wounded.
You barely miss the orc knight.
The orc knight is severely wounded.
The orc warrior hits you with a +0 war axe.
The orc knight hits you with a +0 dire flail!
* * * LOW HITPOINT WARNING * * *
You feel much better. The orc warrior barely misses you.
The orc knight hits you with a +0 dire flail!
You closely miss the orc knight.
The orc knight is severely wounded.
The orc knight hits you but does no damage.
The orc warrior hits you with a +0 war axe!
* * * LOW HITPOINT WARNING * * *
The orc knight hits you with a +0 dire flail!
* * * LOW HITPOINT WARNING * * *
The orc warrior attacks as you move away!
The orc warrior hits you with a +0 war axe!!
You die...
Your body crumbles into a pile of gold.

▓▓▓▓▓▓▓▓▓▓▓▓▓▓▓▓▓▓▓
_'...).'.....')..<▓
▓▓▓▓▓▓▓▓▓▓▓▓▓▓▓▓▓▓▓
..................▓
▓▓▓▓▓▓▓▓▓▓▓▓▓▓▓▓▓.▓
...[......'.......▓
▓▓▓▓▓▓▓▓▓▓▓▓▓▓▓▓▓▓▓
.)..............@o▓
▓▓▓▓▓▓▓▓▓▓▓▓▓▓▓▓▓o▓
[[.[).............▓
▓▓▓▓▓▓▓▓▓▓▓▓▓▓▓▓▓▓▓


You could see an orc knight and an orc warrior (strong).

Vanquished Creatures
  Gastronok (D)
  Harold (D)
  A boulder beetle (D)
  A two-headed ogre (D)
  A centaur warrior (D)
  A catoblepas (D)
  3 lindwurms (D)
  5 orc knights (D)
  An orc sorcerer (D)
  A black mamba (D)
  A gargoyle (D)
  2 cane toads (D)
  Psyche (D)
  A kobold demonologist (D)
  3 komodo dragons (D)
  A polar bear (D)
  A troll (D)
  4 tyrant leeches (D)
  A blink frog (D)
  A yak (D)
  2 basilisks (D)
  4 water moccasins (D)
  17 orc warriors (D)
  A wolf (D)
  2 bullfrogs (D)
  A killer bee (D)
  A howler monkey (D)
  A hound (D)
  3 orc priests (D)
  A gnoll bouda (D)
  5 orc wizards (D)
  A worm (D)
  A dart slug (D)
  6 orcs (D)
  2 endoplasms (D)
  A quokka (D)
  2 rats (D)
83 creatures vanquished.

Vanquished Creatures (others)
  A skeletal warrior (D)
  An orc warrior (D)
2 creatures vanquished.

Grand Total: 85 creatures vanquished

Notes
Turn   | Place    | Note
-------+----------+-------------------------------------------
     0 | D        | rocky1 the Ogre Gladiator began the quest for the Orb.
     0 | D        | Reached XP level 1. HP: 22/22 MP: 1/1
     9 | D        | Reached skill level 3 in Maces & Flails
    22 | D        | Noticed a howler monkey
    22 | D        | Noticed an orc wizard
    22 | D        | Noticed a hound
    29 | D        | Killed a hound
    30 | D        | Reached skill level 4 in Maces & Flails
    30 | D        | Reached XP level 2. HP: 20/33 MP: 2/2
    30 | D        | Reached XP level 3. HP: 25/41 MP: 3/3
    35 | D        | Reached skill level 5 in Fighting
    35 | D        | Reached skill level 5 in Maces & Flails
    37 | D        | Reached XP level 4. HP: 29/50 MP: 4/4
    56 | D        | HP: 1/52 [howler monkey (6)]
    58 | D        | Reached skill level 6 in Maces & Flails
   345 | D        | Found a snail-covered altar of Cheibriados.
   345 | D        | Found a shadowy altar of Dithmenos.
   345 | D        | Found a white marble altar of Elyvilon.
   345 | D        | Found a blossoming altar of Fedhas.
   345 | D        | Found an opulent altar of Gozag.
   346 | D        | Found a hazy altar of Hepliaklqana.
   347 | D        | Found a viscous altar of Jiyva.
   348 | D        | Found an ancient bone altar of Kikubaaqudgha.
   349 | D        | Found a corrupted altar of Lugonu.
   350 | D        | Found a burning altar of Makhleb.
   351 | D        | Found a sparkling altar of Nemelex Xobeh.
   352 | D        | Found an iron altar of Okawaru.
   353 | D        | Became a worshipper of Gozag Ym Sagoz the Greedy
   354 | D        | Found a stormy altar of Qazlal.
   355 | D        | Found a sacrificial altar of Ru.
   356 | D        | Found a shimmering blue altar of Sif Muna.
   357 | D        | Found a bloodstained altar of Trog.
   358 | D        | Found a hide-covered altar of Uskayaw.
   359 | D        | Found a radiant altar of Vehumet.
   360 | D        | Found an ornate altar of the Wu Jian Council.
   361 | D        | Found a shimmering altar of Xom.
   362 | D        | Found a basalt altar of Yredelemnul.
   363 | D        | Found a glowing silver altar of Zin.
   364 | D        | Found a glowing golden altar of the Shining One.
   504 | D        | Noticed a troll
   504 | D        | Noticed a kobold demonologist
   511 | D        | Reached skill level 5 in Dodging
   511 | D        | Reached XP level 5. HP: 60/61 MP: 5/5
   516 | D        | Noticed a chaos spawn
   519 | D        | Killed a kobold demonologist
   520 | D        | Reached skill level 9 in Maces & Flails
   520 | D        | Reached XP level 6. HP: 49/76 MP: 6/6
   578 | D        | Killed a troll
   579 | D        | Reached skill level 10 in Fighting
   579 | D        | Reached skill level 10 in Maces & Flails
   579 | D        | Reached XP level 7. HP: 68/87 MP: 7/7
   742 | D        | Noticed a boulder beetle
   742 | D        | Noticed a basilisk
   742 | D        | Noticed a centaur warrior
   742 | D        | Noticed a skeletal warrior
   742 | D        | Noticed a gargoyle
   742 | D        | Noticed a two-headed ogre
   746 | D        | Killed a two-headed ogre
   747 | D        | Reached skill level 11 in Maces & Flails
   747 | D        | Reached XP level 8. HP: 71/98 MP: 8/8
   753 | D        | Killed a gargoyle
   753 | D        | Killed a skeletal warrior
   754 | D        | Reached skill level 12 in Maces & Flails
   760 | D        | Killed a centaur warrior
   761 | D        | Reached skill level 13 in Maces & Flails
   761 | D        | Reached XP level 9. HP: 37/110 MP: 9/9
  1295 | D        | Killed a boulder beetle
  1296 | D        | Reached skill level 14 in Maces & Flails
  1296 | D        | Reached skill level 10 in Dodging
  1660 | D        | Noticed Harold
  1671 | D        | Killed Harold
  1672 | D        | Reached XP level 10. HP: 123/123 MP: 10/10
  1771 | D        | Noticed a black mamba
  1782 | D        | Reached skill level 15 in Fighting
  1782 | D        | Reached skill level 15 in Maces & Flails
  1796 | D        | Killed a black mamba
  1976 | D        | Noticed a cane toad
  1976 | D        | Noticed a catoblepas
  1980 | D        | Killed a catoblepas
  1981 | D        | Reached skill level 16 in Maces & Flails
  1981 | D        | Reached skill level 1 in Armour
  1987 | D        | Noticed a cane toad
  2005 | D        | Killed a cane toad
  2021 | D        | Killed a cane toad
  2022 | D        | Reached XP level 11. HP: 58/137 MP: 11/11
  2240 | D        | Noticed a lindwurm
  2246 | D        | Noticed a lindwurm
  2270 | D        | Reached skill level 17 in Maces & Flails
  2273 | D        | Noticed a lindwurm
  2288 | D        | Killed a lindwurm
  2306 | D        | Killed a lindwurm
  2311 | D        | Killed a lindwurm
  2620 | D        | Bought a potion of curing for 48 gold pieces
  2620 | D        | Bought a potion of curing for 48 gold pieces
  2620 | D        | Bought a potion of degeneration for 16 gold pieces
  2620 | D        | Bought a potion of flight for 48 gold pieces
  2620 | D        | Bought a potion of haste for 160 gold pieces
  2620 | D        | Bought a potion of invisibility for 128 gold pieces
  2620 | D        | Bought a potion of curing for 48 gold pieces
  2620 | D        | Bought a potion of might for 64 gold pieces
  2620 | D        | Bought a potion of curing for 48 gold pieces
  2620 | D        | Bought a potion of heal wounds for 80 gold pieces
  2647 | D        | Noticed Gastronok
  2664 | D        | Killed Gastronok
  2665 | D        | Reached skill level 5 in Armour
  2695 | D        | Noticed Psyche
  2704 | D        | Killed Psyche
  2742 | D        | Noticed an orc knight
  2767 | D        | Killed an orc knight
  2768 | D        | Reached skill level 18 in Maces & Flails
  3009 | D        | Bought a runed morningstar for 224 gold pieces
  3009 | D        | Bought a potion of heal wounds for 160 gold pieces
  3009 | D        | Bought a runed robe for 118 gold pieces
  3009 | D        | Bought a transparent lapis lazuli ring for 160 gold pieces
  3009 | D        | Identified the ring "Vazxiam" {rElec rC+ Str+3 Int+6 Dex-5}
                  | (You bought it in a shop in the Dungeon)
  3023 | D        | Noticed an orc sorcerer
  3023 | D        | Noticed an orc knight
  3025 | D        | Noticed a sixfirhy
  3041 | D        | Killed an orc knight
  3050 | D        | Killed an orc sorcerer
  3086 | D        | Found Reitt's Book Boutique.
  3086 | D        | Noticed an orc knight
  3087 | D        | Noticed an orc knight
  3093 | D        | Killed an orc knight
  3094 | D        | Reached XP level 12. HP: 61/152 MP: 12/12
  3101 | D        | Found Ribry's Jewellery Shop.
  3115 | D        | Found Jeosat's Jewellery Boutique.
  3129 | D        | Found Qozuej's Distillery.
  3192 | D        | Reached skill level 19 in Maces & Flails
  3411 | D        | Mangled by an orc warrior

Illustrated notes

Levels and vault maps discovered:
D:        linesprint [early_d, line_temple, items_1, d_10, items_2, lair_1,
          lair_end, items_3, orc_1, orc_end, items_4, d_15, swamp_1, shoals_1,
          snake_1, spider_1, d_20, vaults_1, items_5, swamp_end, shoals_end,
          snake_end, spider_end, vaults_end, d_27, items_6, zot_1, zot_end,
          crypt_end, forest_end, elf_end, slime_end, tomb_end, abyss_end,
          pan_hell_end]

Skill      XL: |  1  2  3  4  5  6  7  8  9 10 11 12 |
---------------+-------------------------------------+-----
Fighting       | 4 5 6 9 10 11 13 14 16 18 | 18.9
Maces & Flails | 4 5 6 9 10 11 13 14 16 18 19 | 19.0
Dodging        | 3 4 5 7 8 9 10 12 13 | 13.9
Armour         | 3 6 7 |  7.1
Throwing       | |  2.0

Action                     |  1- 3 |  4- 6 |  7- 9 | 10-12 || total
---------------------------+-------+-------+-------+-------++-------
  Melee: Flail             |    21 |    21 |       |       ||    42
         Dire flail        |       |    20 |    65 |   306 ||   391
  Throw: Throwing net      |     3 |       |     2 |     9 ||    14
 Invoke: Potion Petition   |       |       |       |     3 ||     3
         Call Merchant     |       |       |       |     3 ||     3
  Evoke: Wand              |       |     1 |     4 |     1 ||     6
    Use: Potion            |       |     2 |     2 |    10 ||    14
         Scroll            |       |     2 |       |       ||     2
   Stab: Held in net/web   |     1 |       |     1 |     4 ||     6
         Invisible         |       |       |     7 |    13 ||    20
 Armour: Robe              |     2 |     7 |     7 |    28 ||    44
  Dodge: Dodged            |     8 |    16 |    20 |    78 ||   122

Table legend: (Time is in decaauts)
 A = Elapsed time spent in this place.
 B = Non-inter-level travel time spent in this place.
 C = Inter-level travel time spent in this place.
 D = Time resting spent in this place.
 E = Time spent auto-exploring this place.
 F = Levels seen in this place.
 G = Mean time per level.
                   A        B        C        D        E       F      G
               +--------+--------+--------+--------+--------+-----+--------+
         Total |   3262 |   3262 |      0 |   2158 |      0 |   1 | 3262.0 |
       Dungeon |   3262 |   3262 |      0 |   2158 |      0 |   1 | 3262.0 |
               +--------+--------+--------+--------+--------+-----+--------+

Top non-repeatable levels by time:
       D: 3262 daAuts
